 Dungeon Crawl Stone Soup version 0.25.1-2-g60ff931df9 (webtiles) character file.

Game seed: 11997100035919723157

98 H0rd4k the Insei (level 4, -1/28 HPs)
             Began as an Octopode Transmuter on July 29, 2020.
             Shot with a stone by a goblin (9 damage)
             ... led by Robin
             ... on level 2 of the Dungeon.
             The game lasted 00:02:31 (2653 turns).

H0rd4k the Insei (Octopode Transmuter)              Turns: 2653, Time: 00:02:31

Health: -1/28      AC:  1    Str:  9    XL:     4   Next: 69%
Magic:  7/7        EV: 13    Int: 22    God:
Gold:   40         SH:  0    Dex: 12    Spells: 7/8 levels left

rFire    . . .     SeeInvis .     - Unarmed
rCold    . . .     Gourm    .   (no shield)
rNeg     . . .     Faith    .   b - +0 hat
rPois    .         Spirit   .   (no amulet)
rElec    .         Reflect  .   f - +6 ring of intelligence
rCorr    .         Harm     .   (no ring)
MR       .....                  (no ring)
Stlth    +++.......             (no ring)
HPRegen  0.09/turn              (no ring)
MPRegen  0.10/turn              (no ring)
                                (no ring)
                                (no ring)

@: appendage (expiring)
A: almost no armour, stealthy swim, amphibious, 8 rings, constrict 8, tentacle
spike 3, camouflage 1, gelatinous body 1
a: End Transformation


You were on level 2 of the Dungeon.
You were not hungry.
One of your tentacles had a temporary spike.
You visited 1 branch of the dungeon, and saw 3 of its levels.

You collected 40 gold pieces.

Inventory:

Missiles
 a - 12 arrows
 i - 16 poisoned darts (quivered)
Armour
 b - a +0 hat (worn)
Jewellery
 f - a +6 ring of intelligence (left tentacle)
Wands
 o - a wand of clouds (4)
Scrolls
 d - a scroll of enchant armour {unknown}
 e - 2 scrolls of remove curse {unknown}
 n - a scroll of identify {unknown}
Potions
 g - a potion of heal wounds {unknown}
 h - a potion of invisibility {unknown}
 j - a potion of haste {unknown}
 k - a potion of brilliance {unknown}
 l - a potion of lignification {unknown}
Comestibles
 c - 5 rations
 m - 5 chunks of flesh


   Skills:
 + Level 1.1 Fighting
 + Level 2.4 Dodging
 + Level 2.2 Stealth
 + Level 3.8 Unarmed Combat
 * Level 2.5 Spellcasting
 * Level 2.7 Transmutations


You had 7 spell levels left.
You knew the following spells:

 Your Spells              Type           Power        Failure   Level  Hunger
a - Beastly Appendage     Tmut           ###...       4%          1    None

Your spell library contained the following spells:

 Spells                   Type           Power        Failure   Level  Hunger
 Sticks to Snakes         Tmut           ###.....     6%          2    ##.....
 Spider Form              Tmut/Pois      #.........   22%         3    ###....
 Ice Form                 Ice/Tmut       #.......     58%         4    ####...
 Blade Hands              Tmut           ###.......   75%         5    ######.


Dungeon Overview and Level Annotations

Branches:
Dungeon (3/15)

Altars:
Elyvilon
Nemelex Xobeh

Annotations:
D:2 Terence
D:3 3 runed translucent doors


Innate Abilities, Weirdness & Mutations

You cannot wear most types of armour.
You are very stealthy in the water. (Stealth+)
You are amphibious.
You can wear up to eight rings at the same time.
You can use your tentacles to constrict eight enemies at once.
Your skin changes colour to match your surroundings (Stealth+).
Your rubbery body absorbs attacks. (AC +1, EV +1)
One of your tentacles bears a large vicious spike.


Message History

The goblin is moderately wounded.
The goblin no longer looks unusually strong.
You bludgeon the goblin!
You kill the goblin!
You tentacle-slap the goblin.
You kill the goblin!
Your transformation is almost over.
You tentacle-slap the goblin but do no damage.
You grab the goblin.
You pierce the goblin.
You kill the goblin!
The goblin unwields a +0 club.
The goblin wields a +0 hunting sling.
The goblin shoots a stone.
The stone hits you.
You see here a goblin corpse.
The goblin unwields a +0 hunting sling.
The goblin wields a +0 club.
The goblin hits you with a +0 club.
* * * LOW HITPOINT WARNING * * *
You tentacle-slap the goblin.
You kill the goblin!
The goblin shoots a stone.
The stone hits you!
You die...

#............#...#.#..
#...#..........)....^.
#................#.#.##
......................
.................###.###
.........)............(
.................##..#
..............g####..#
.............)g)@†(?.#
..#...######...####..#
.####...####.).# ..#
###...##...####..#
##..[#......g..#
###...##...####..#
###...####...# ...gg .
#...### #...# ..#.##
.####...####..## g.# #


You could see 2 goblins.

Vanquished Creatures
  Jessica (D:2)
  Robin (D:2)
  A worm (D:2)
  An orc (D:3)
  4 giant cockroaches
  12 goblins
  8 hobgoblins
  5 jackals
  4 kobolds
  A quokka (D:2)
  3 ball pythons
  7 bats
  A frilled lizard (D:1)
  A rat (D:1)
50 creatures vanquished.

Notes
Turn   | Place    | Note
-------+----------+-------------------------------------------
     0 | D:1      | H0rd4k the Octopode Transmuter began the quest for the Orb.
     0 | D:1      | Reached XP level 1. HP: 13/13 MP: 3/3
   745 | D:1      | Reached XP level 2. HP: 18/18 MP: 5/5
  1325 | D:2      | Noticed Terence
  1347 | D:2      | Noticed Jessica
  1357 | D:2      | Killed Jessica
  1357 | D:2      | Reached skill level 1 in Stealth
  1357 | D:2      | Reached XP level 3. HP: 22/23 MP: 4/6
  1474 | D:2      | Found a white marble altar of Elyvilon.
  1821 | D:2      | Reached XP level 4. HP: 28/28 MP: 5/7
  1980 | D:2      | Found a sparkling altar of Nemelex Xobeh.
  2051 | D:2      | Noticed Robin
  2606 | D:3      | Found a runed translucent gate.
  2606 | D:3      | Found a runed translucent gate.
  2606 | D:3      | Found a runed translucent gate.
  2640 | D:2      | Killed Robin
  2653 | D:2      | Shot with a stone by a goblin

Illustrated notes

Levels and vault maps discovered:
D:1:      dpeg_arrival_windows_large_door, layout_loops_corners
D:2:      layout_basic, nemelex_altar_shiori, old_standard_altar, serial_curves,
          eino_curves_03, eino_curves_04, uniq_jessica, uniq_terence, uniq_robin
D:3:      layout_loops_ring, overflow_temple_1_default, doesnt_xom_only_xom,
          first_ration, gammafunk_ghost_necromancy, bh_chokoban, uniq_grinder

Skill      XL: |  1  2  3  4 |
---------------+-------------+-----
Stealth        | 1 2 |  2.2
Fighting       | |  1.1
Dodging        | |  2.4
Unarmed Combat | |  3.8
Spellcasting   | |  2.5
Transmutations | |  2.7

Action                   |  1- 3 |  4- 6 || total
-------------------------+-------+-------++-------
Melee: Unarmed           |    70 |    43 ||   113
       Constrict         |    16 |    12 ||    28
       Tentacles         |     5 |     7 ||    12
       Kick              |     4 |     4 ||     8
       Punch             |     1 |     1 ||     2
 Cast: Beastly Appendage |     3 |     3 ||     6
 Stab: Sleeping          |     6 |     5 ||    11
  Eat: Chunk             |     3 |     2 ||     5
Armor: Skin              |     7 |     4 ||    11
Dodge: Dodged            |    56 |    26 ||    82
